 Dungeon Crawl Stone Soup version 0.26-a0-1049-g242049e08c (webtiles) character file.

Game seed: 14285061214601918221

14188 Memezis the Severer (level 11, -4/96 (97) HPs)
             Began as a Minotaur Berserker on Dec 12, 2020.
             Was a High Priest of Trog.
             Slain by a troll (7 damage)
             ... on level 13 of the Dungeon.
             The game lasted 00:19:57 (12600 turns).

Memezis the Severer (Minotaur Berserker)           Turns: 12600, Time: 00:19:58

HP:   -4/96 (97)    AC: 18    Str: 25    XL:     11   Next: 85%
MP:   3/3           EV:  8    Int:  4    God:    Trog [*****.]
Gold: 935           SH:  0    Dex: 13    Spells: 10/10 levels left

rFire    . . .     SeeInvis +   f - +3 executioner's axe "Maxzal" {antimagic, rPois rC- Dex+3 SInv}
rCold    x . .     Faith    +   (shield currently unavailable)
rNeg     . . .     Spirit   .   H - +0 plate armour
rPois    +         Reflect  .   (helmet restricted)
rElec    .         Harm     .   o - +1 cloak {rCorr}
rCorr    +         Rampage  .   F - +0 pair of gloves
Will     .....                  (no boots)
Stlth    ..........             E - amulet of faith
HPRegen  0.26/turn              u - ring of resist corrosion
MPRegen  0.08/turn              A - ring of poison resistance

@: berserk cooldown, slowed, very slow
A: retaliatory headbutt, horns 2
a: Berserk, Trog's Hand, Brothers in Arms, Renounce Religion


You were on level 13 of the Dungeon.
You worshipped Trog.
Trog was extremely pleased with you.
You visited 1 branch of the dungeon, and saw 13 of its levels.

You collected 935 gold pieces.

Inventory:

Hand Weapons
 a - a +0 hand axe
 f - the +3 executioner's axe "Maxzal" (weapon) {antimagic, rPois rC- Dex+3 SInv}
   (Trog gifted it to you on level 11 of the Dungeon)

   It reduces the magical energy of the wielder, and disrupts the spells and
   magical abilities of those hit.
   Natural abilities and divine invocations are not affected.
   It affects your dexterity (+3).
   It makes you vulnerable to cold.
   It protects you from poison.
   It lets you see invisible.
 n - a +3 quarterstaff of chaos
 q - a +2 flail of protection
 y - a +0 hand axe
 z - a +0 war axe
 G - a +0 flail
 J - a +1 vorpal hand axe
 Q - a +0 battleaxe
Armour
 b - a +0 animal skin
 g - a +0 chain mail
 i - a +0 ring mail
 m - a +0 cloak
 o - a +1 cloak of preservation (worn)
 t - a +0 scale mail
 F - a +0 pair of gloves (worn)
 H - a +0 plate armour (worn)
 M - a +0 plate armour
 S - a +0 cloak
Jewellery
 u - a ring of resist corrosion (left hand)
 A - a ring of poison resistance (right hand)
 C - an uncursed amulet of the acrobat
 E - an amulet of faith (around neck)
 N - an uncursed amulet of reflection
Wands
 B - a wand of acid (7)
 U - a wand of flame (18)
Scrolls
 h - 4 scrolls of noise
 l - 5 scrolls of teleportation
 s - 2 scrolls of immolation
 v - 2 scrolls of remove curse
 x - 2 scrolls of random uselessness
 D - 4 scrolls of enchant armour {unknown}
 I - 4 scrolls of identify
 K - a scroll of silence {unknown}
 O - a scroll of vulnerability {unknown}
 P - 2 scrolls of blinking {unknown}
 R - 2 scrolls of amnesia {unknown}
 T - 2 scrolls of fear {unknown}
Potions
 c - 6 potions of haste
 d - 2 potions of berserk rage
 e - 4 potions of degeneration {unknown}
 j - 9 potions of curing
 k - a potion of flight {unknown}
 p - 2 potions of might {unknown}
 r - a potion of lignification {unknown}
 w - 2 potions of attraction {unknown}
 L - a potion of brilliance {unknown}
 V - a potion of ambrosia {unknown}


   Skills:
 + Level 9.5 Fighting
 * Level 17.9 Axes
 + Level 10.0 Armour
 - Level 2.3 Dodging


You had 10 spell levels left.
You didn't know any spells.
Your spell library was empty.

Dungeon Overview and Level Annotations

Branches:
Dungeon (13/15)            Temple (0/1) D:6            Lair (0/6) D:9
    Orc (0/2) D:9
 Vaults: D:13-14

Altars:
Kikubaaqudgha
Trog
Vehumet
Wu Jian
Yredelemnul
Zin
The Shining One

Shops:
D:6 (   D:9 ([

Portals:
Trove: D:10 (lose all piety)

Annotations:
D:13 3 runed translucent doors


Innate Abilities, Weirdness & Mutations

You reflexively headbutt those who attack you in melee.
You have a pair of horns on your head.


Message History

You kill the centaur!
Trog accepts your kill.
You hear a splash. x3
You closely miss the troll. You slice the centaur!!
You kill the centaur!
Trog accepts your kill. Something appears at your feet!
You hear a splash.
Trog grants you a weapon!
You hear a splash. x2
Your skin stops crawling.
You feel less strong-willed. The troll bites you!
* * * LOW HITPOINT WARNING * * *
The troll completely misses you. The troll claws you!
* * * LOW HITPOINT WARNING * * *
The deep elf mage points at you and mumbles some strange words.
The bolt of lightning hits you!
* * * LOW HITPOINT WARNING * * *
The tree burns like a torch!
The troll bites you!
You die...

#.# #.# ≈ ♣≈♣≈..
#.# ≈♣≈♣≈≈≈≈. . #.#
≈ ≈≈♣≈≈≈o# . #.#
≈≈≈ ♣♣≈≈≈..# .#.#
#.##...≈≈♣♣≈♣≈≈#.#
#.#.# .....#
≈≈≈≈≈♣≈≈≈.##....#
#.####
≈.≈≈≈≈♣≈))T≈....#
#.#
..≈≈≈≈§≈@)≈e≈..#
#.#
####.≈)()♣≈≈P≈.#
#.# .#
###((≈≈≈P≈P.#
#.#####.#
###≈≈PP≈≈.#
........# #..PP..##
#.#...>.# ##...###
........# #.###
###.^...# #.#
###....##########.#


You could see a deep elf mage, a troll and an orc.

Vanquished Creatures
  An ogre mage (D:12)
  Erolcha (D:11)
  2 centaur warriors (D:13)
  A two-headed ogre (D:12)
  Maurice (D:11)
  A centaur zombie (D:13)
  A gargoyle (D:12)
  2 trolls (D:9)
  A hornet (D:10)
  11 yaks (D:11)
  2 wyverns
  A soldier ant (D:11)
  A water moccasin (D:10)
  7 black bears
  5 sky beasts
  2 ice beasts (D:9)
  7 orc warriors
  A phantom (D:5)
  A necrophage (D:12)
  4 ogres
  12 centaurs
  2 big kobolds (D:9)
  6 bullfrogs
  A wyvern zombie (D:7)
  A wyvern skeleton (D:13)
  2 scorpions
  8 killer bees
  7 wights
  2 electric eels (D:13)
  A howler monkey (D:5)
  A bullfrog skeleton (D:9)
  7 hounds
  4 centaur skeletons
  7 orc priests
  Crazy Yiuf (D:2)
  5 jellies
  8 orc wizards
  4 iguanas
  Terence (D:2)
  10 worker ants
  A killer bee zombie (D:9)
  2 hound skeletons (D:9)
  A howler monkey zombie (D:9)
  2 worker ant zombies
  10 adders
  3 shadow imps
  3 white imps
  4 ufetubi
  An ooze (D:2)
  An adder skeleton (D:9)
  An adder zombie (D:7)
  6 worms
  A dart slug (D:1)
  6 leopard geckos
  33 orcs
  2 ball pythons
  3 giant cockroaches
  2 gnoll zombies (D:6)
  A goblin (D:1)
  2 hobgoblins
  10 jackals
  7 kobolds
  6 quokkas
  7 bats
  5 frilled lizards
  A jackal skeleton (D:7)
  6 rats
270 creatures vanquished.

Vanquished Creatures (others)
  8 fungi (D:9)
  57 plants
65 creatures vanquished.

Grand Total: 335 creatures vanquished

Notes
Turn   | Place    | Note
-------+----------+-------------------------------------------
     0 | D:1      | Memezis the Minotaur Berserker began the quest for the Orb.
     0 | D:1      | Reached XP level 1. HP: 19/19 MP: 0/0
   275 | D:1      | Reached skill level 4 in Axes
   276 | D:1      | Reached XP level 2. HP: 27/27 MP: 1/1
   938 | D:2      | Reached XP level 3. HP: 21/33 MP: 2/2
  1165 | D:2      | Found an ornate altar of the Wu Jian Council.
  1209 | D:2      | Noticed Terence
  1219 | D:2      | Killed Terence
  1220 | D:2      | Reached skill level 5 in Axes
  1220 | D:2      | Reached XP level 4. HP: 41/41 MP: 3/3
  1462 | D:2      | Reached ** piety under Trog
  1682 | D:2      | Found a runed translucent door.
  1683 | D:2      | Noticed Crazy Yiuf
  1739 | D:2      | Killed Crazy Yiuf
  2400 | D:3      | Reached XP level 5. HP: 47/47 MP: 4/4
  3031 | D:4      | Reached skill level 6 in Axes
  3397 | D:5      | Entered Level 5 of the Dungeon
  3445 | D:5      | Noticed an ogre
  3455 | D:5      | Killed an ogre
  3467 | D:5      | Reached XP level 6. HP: 18/53 MP: 5/5
  3582 | D:5      | Reached skill level 7 in Axes
  3591 | D:5      | Found a bloodstained altar of Trog.
  3967 | D:5      | Reached skill level 5 in Fighting
  4408 | D:5      | Found a radiant altar of Vehumet.
  4411 | D:5      | Found an ancient bone altar of Kikubaaqudgha.
  4414 | D:5      | Found a glowing silver altar of Zin.
  4475 | D:6      | Found a staircase to the Ecumenical Temple.
  4497 | D:6      | Reached XP level 7. HP: 58/61 MP: 6/6
  4560 | D:6      | Found a basalt altar of Yredelemnul.
  4617 | D:6      | Found Lustrizug's Antique Weapon Shoppe.
  4643 | D:6      | Reached skill level 8 in Axes
  4643 | D:6      | Reached skill level 5 in Armour
  5104 | D:7      | Reached *** piety under Trog
  5134 | D:7      | Reached skill level 9 in Axes
  5254 | D:7      | Reached XP level 8. HP: 69/69 MP: 7/7
  5261 | D:7      | Reached skill level 10 in Axes
  5521 | D:7      | Found a glowing golden altar of the Shining One.
  5943 | D:7      | Found a radiant altar of Vehumet.
  6323 | D:8      | Reached skill level 11 in Axes
  6794 | D:9      | Reached XP level 9. HP: 46/78 MP: 8/8
  6941 | D:9      | Found Vulihiss's Armour Emporium.
  6956 | D:9      | Found a staircase to the Orcish Mines.
  6965 | D:9      | Found Meyru's Weapon Emporium.
  7068 | D:9      | Reached skill level 12 in Axes
  7266 | D:9      | Reached **** piety under Trog
  7562 | D:9      | Noticed a troll
  7567 | D:9      | Killed a troll
  7610 | D:9      | Reached skill level 13 in Axes
  7926 | D:9      | Noticed a troll
  7937 | D:9      | Killed a troll
  8047 | D:9      | Reached XP level 10. HP: 80/88 MP: 9/9
  8170 | D:9      | Found a staircase to the Lair.
  8203 | D:9      | Reached skill level 14 in Axes
  8562 | D:10     | Entered Level 10 of the Dungeon
  8666 | D:10     | Reached ***** piety under Trog
  9074 | D:10     | Paralysed by a hornet for 3 turns
  9273 | D:10     | Found a portal to a secret trove of treasure.
  9748 | D:11     | Reached skill level 15 in Axes
 10001 | D:11     | Noticed Maurice
 10025 | D:11     | Received a gift from Trog
 10058 | D:11     | Identified the +3 executioner's axe "Maxzal" {antimagic,
                  | rPois rC- Dex+3 SInv} (Trog gifted it to you on level 11 of
                  | the Dungeon)
 10068 | D:11     | Killed Maurice
 10592 | D:11     | Noticed Erolcha
 10596 | D:11     | Killed Erolcha
 10605 | D:11     | Reached XP level 11. HP: 82/95 MP: 3/10
 10615 | D:11     | Reached skill level 16 in Axes
 11329 | D:12     | Noticed an ogre mage
 11329 | D:12     | Noticed a two-headed ogre
 11332 | D:12     | Killed a two-headed ogre
 11337 | D:12     | Killed an ogre mage
 11948 | D:12     | Reached skill level 17 in Axes
 12122 | D:13     | Found a runed translucent gate.
 12122 | D:13     | Found a runed translucent gate.
 12123 | D:13     | Found a runed translucent gate.
 12123 | D:13     | Noticed a brown ugly thing
 12124 | D:13     | Noticed a green ugly thing
 12124 | D:13     | Noticed a white ugly thing
 12125 | D:13     | Noticed a cyan very ugly thing
 12125 | D:13     | Noticed a brown ugly thing
 12125 | D:13     | Noticed a green ugly thing
 12125 | D:13     | Noticed a white ugly thing
 12222 | D:13     | Noticed a centaur warrior
 12230 | D:13     | Killed a centaur warrior
 12579 | D:13     | Noticed a deep elf mage
 12582 | D:13     | Noticed a centaur warrior
 12593 | D:13     | Killed a centaur warrior
 12594 | D:13     | Reached skill level 10 in Armour
 12600 | D:13     | Received a gift from Trog
 12600 | D:13     | HP: 3/96 [deep elf mage/bolt of lightning (16)]
 12600 | D:13     | Slain by a troll

Illustrated notes

Levels and vault maps discovered:
D:1:      tarquinn_simple_flora_water_e, layout_basic
D:2:      layout_basic, overflow_temple_1_default, uniq_crazy_yiuf_cottage,
          uniq_terence
D:3:      layout_basic
D:4:      layout_basic
D:5:      layout_loops_ring, lemuel_crystal_altar, grunt_temple_overflow_diamond
D:6:      layout_basic, lemuel_zombie_altar_yredelemnul, temple_doors_ab,
          serial_shops, kennysheep_mini_moat, minmay_misc_feat_diagonals,
          serial_park_tiny_1
D:7:      layout_rooms, nicolae_tso_swordbearing_angel, basic_altar
D:8:      layout_loops_cross
D:9:      minmay_imperfect_grid, layout_stronghold,
          grunt_lair_entry_orc_guard_hut, orc_david_3
D:10:     layout_cave_pods, nicolae_trove_entry_diagonal, grunt_ogre_cave
D:11:     layout_basic, grunt_decor_mini_mirrors, uniq_erolcha, uniq_maurice
D:12:     layout_roguey, portal_ice_cave_entry_pillars_2, abandoned_shop,
          drop_trap
D:13:     layout_loops_ring, grunt_vaults_entry_tiered,
          ploomutoo_gammafunk_ghost_potion_laboratory, serial_bayou_lagoon_a

Skill      XL: |  1  2  3  4  5  6  7  8  9 10 11 |
---------------+----------------------------------+-----
Axes           | 4 5 6 7 9 11 13 15 17 | 17.9
Fighting       | 4 5 6 7 8 9 |  9.5
Armour         | 3 4 6 7 8 9 10 | 10.0
Dodging        | |  2.3

Action                   |  1- 3 |  4- 6 |  7- 9 | 10-12 || total
-------------------------+-------+-------+-------+-------++-------
Melee: Hand axe          |    49 |   132 |    15 |       ||   196
       Headbutt          |     8 |    25 |    54 |    65 ||   152
       War axe           |       |       |   264 |       ||   264
       Battleaxe         |       |       |    10 |   146 ||   156
       Executioner's axe |       |       |       |   156 ||   156
Invok: Berserk           |     3 |     2 |     6 |     4 ||    15
       Trog's Hand       |       |     2 |     3 |     4 ||     9
  Use: Scroll            |       |     9 |       |     1 ||    10
Armor: Animal skin       |     5 |       |       |       ||     5
       Chain mail        |    16 |    77 |    82 |       ||   175
       Plate armour      |       |       |    97 |   223 ||   320
Dodge: Dodged            |    24 |    50 |   130 |   126 ||   330

Table legend: (Time is in decaauts)
 A = Elapsed time spent in this place.
 B = Non-inter-level travel time spent in this place.
 C = Inter-level travel time spent in this place.
 D = Time resting spent in this place.
 E = Time spent auto-exploring this place.
 F = Levels seen in this place.
 G = Mean time per level.
                   A        B        C        D        E       F      G
               +--------+--------+--------+--------+--------+-----+--------+
         Total |  12730 |  12186 |    544 |   1206 |   9059 |  13 |  979.2 |
       Dungeon |  12730 |  12186 |    544 |   1206 |   9059 |  13 |  979.2 |
               +--------+--------+--------+--------+--------+-----+--------+

Top non-repeatable levels by time:
     D:9: 1774 daAuts
    D:12: 1231 daAuts
    D:11: 1205 daAuts
    D:10: 1121 daAuts
     D:3: 1106 daAuts
     D:5: 1072 daAuts
     D:7: 987 daAuts
     D:2: 983 daAuts
     D:1: 876 daAuts
     D:8: 755 daAuts
     D:6: 615 daAuts
    D:13: 528 daAuts
     D:4: 471 daAuts
